 Dungeon Crawl Stone Soup version 0.14.1-1-g650416f (webtiles) character file.

6992 MirrMurr the Thaumaturge (level 10, -9/43 HPs)
             Began as a Felid Wizard on May 2, 2014.
             Was a High Priest of Vehumet.
             Mangled by Maud
             ... wielding a +3,+5 bastard sword
              (34 damage)
             ... on Level 3 of the Lair of Beasts on May 3, 2014.
             The game lasted 01:28:30 (17626 turns).

MirrMurr the Thaumaturge (Felid Wizard)            Turns: 17626, Time: 01:28:30

HP  -9/43        AC  2     Str  5      XL: 10   Next: 69%
MP   2/41        EV 22     Int 20      God: Vehumet [*****.]
Gold 484         SH  0     Dex 16      Spells: 10 memorised,  3 levels left
Lives: 0, deaths: 3

rFire  . . .     SeeInvis +     (weapon unavailable)
rCold  . . .     Clarity  .     (armour unavailable)
rNeg   . . .     Conserve .     (shield unavailable)
rPois  .         rCorr    .     (helmet unavailable)
rElec  .         rRot     .     (cloak unavailable)
SustAb . .       Spirit   .     (gloves unavailable)
rMut   .         Warding  .     (boots unavailable)
Saprov . . .     Stasis   .     n - amulet of faith
MR     ++...                    y - ring of protection from magic
                                r - ring of magical power

@: repel missiles, quick, very resistant to hostile enchantments, very stealthy
A: paw claws, no armour, no weapons or thrown items, fangs 3, see invisible,
carnivore 3, speed 1, shaggy fur 2, slow metabolism 1, jump 2
a: Jump Attack, Renounce Religion


You were on level 3 of the Lair of Beasts.
You worshipped Vehumet.
Vehumet was extremely pleased with you.
You were very full.

You visited 3 branches of the dungeon, and saw 13 of its levels.
You also visited: Ossuary.

You collected 526 gold pieces.
You spent 42 gold pieces at shops.

Inventory:

Magical devices
 k - a wand of paralysis (24)
 q - a wand of disintegration (8)
 A - a wand of teleportation (1)
Comestibles
 d - 4 meat rations
 h - 2 chunks of blink frog flesh
Scrolls
 a - 3 scrolls of teleportation
 c - a scroll of fear
 i - 2 scrolls of identify
 j - 6 scrolls of remove curse
 t - 4 scrolls of blinking
Jewellery
 b - a +0,+5 ring of slaying
 n - an amulet of faith (around neck)
 r - a ring of magical power (left paw)
 y - a ring of protection from magic (right paw)
Potions
 e - 3 potions of brilliance
 f - 4 potions of heal wounds
 g - a potion of haste
 l - 2 potions of flight
 m - a potion of agility
 o - 4 potions of curing
 p - a potion of restore abilities
 B - 2 potions of might


   Skills:
 + Level 4.3 Fighting
 - Level 7.0 Dodging
 - Level 7.0 Stealth
 * Level 12.3 Spellcasting
 - Level 7.3 Conjurations
 - Level 3.6 Charms
   Level 1.0 Summonings
 - Level 1.5 Translocations
 - Level 2.9 Fire Magic
 - Level 5.6 Air Magic
 - Level 2.0 Poison Magic


You had 3 spell levels left.
You knew the following spells:

 Your Spells              Type           Power        Failure   Level  Hunger
a - Magic Dart            Conj           ####         1%          1    None
b - Blink                 Tloc           N/A          4%          2    None
c - Conjure Flame         Conj/Fire      ####....     1%          3    None
d - Flame Tongue          Conj/Fire      ####.        1%          1    None
e - Airstrike             Air            ####......   2%          4    #......
f - Iskenderun's Battles  Conj/Chrm      ####....     4%          5    ###....
g - Dazzling Spray        Conj/Hex       ####....     1%          3    None
h - Conjure Ball Lightni  Conj/Air       #####.....   21%         6    ######.
m - Mephitic Cloud        Conj/Pois/Air  ####....     1%          3    None
r - Repel Missiles        Chrm/Air       ####..       1%          2    None


Dungeon Overview and Level Annotations

Branches:
Dungeon (9/15)             Temple (1/1) D:4             Orc (0/4) D:9
   Lair (3/8) D:9          Spider (0/5) Lair:3
  Swamp: Lair:3-6    Shoals: Lair:3-6     Snake: Lair:3-6

Altars:
Ashenzari
Cheibriados
Dithmenos
Elyvilon
Fedhas
Kikubaaqudgha
Makhleb
Nemelex Xobeh
Okawaru
Sif Muna
Trog
Vehumet
Xom
Yredelemnul
Zin
The Shining One
Lugonu

Shops:
D:6 !

Annotations:
D:2 need apport
D:3 come back, Grinder
D:7 cheese
Lair:2 books
Lair:3 Maud


Innate Abilities, Weirdness & Mutations

You cannot wear armour.
You are incapable of wielding weapons or throwing items.
Your paws have sharp claws.
You have razor-sharp teeth.
You have supernaturally acute eyesight.
You are carnivorous and can eat meat at any time.
You cover ground quickly.
You are covered in thick fur (AC +2).
You have a slow metabolism.
You can jump attack at a medium distance.


Message History

Maud is severely wounded.
Your battlesphere fires!
The barrage of energy hits Maud.
Maud is almost dead.
Casting: Magic Dart
Confirm with . or Enter, or press ? or * to list all spells.
Aiming: Magic Dart
Press: ? - help, Shift-Dir - straight line, f/p - Maud
Aim: Maud, wielding a runed bastard sword and wearing a plate armour (almost dead)
The magic dart hits Maud.
Maud is almost dead.
Your battlesphere fires!
The barrage of energy hits Maud.
Maud is almost dead.
Your battlesphere expends the last of its energy and dissipates.
Maud hits you with a runed bastard sword!
There is a stone staircase leading up here.
Maud hits you with a runed bastard sword!
Ouch! That really hurt!
You die...

........#.....#...........#.##.#
##...##..............%###.#.#..#
##..#.....#.....#...%.# ###..P.#
..........####..#..#..# #....##
.##..##....###..f.....#####.#...#
## # ## ............#.P.#..#.##
..P###............##.# ##
#...P.#...#...#.#
#@@##...........#
#.<###.#.##.##.##
##..############ ####


You could see Maud.

Vanquished Creatures
  A hydra (Lair:2)
  An orb spider (Lair:3)
  An unseen horror (D:9)
  Pikel (D:6)
  5 spiny frogs
  2 komodo dragons (Lair:1)
  A two-headed ogre (D:8)
  A basilisk (Lair:3)
  8 blink frogs
  A deep elf mage (D:7)
  9 yaks
  A hippogriff (Lair:1)
  4 water moccasins
  A hungry ghost (D:8)
  8 porcupines
  A slave (D:6)
  A black bear (D:7)
  2 orc warriors
  A sky beast (D:9)
  4 ice beasts
  5 ogres
  3 crocodiles
  6 centaurs
  Sigmund (D:3)
  3 giant slugs
  2 big kobolds (D:9)
  4 giant frogs
  A gnoll sergeant (D:8)
  A scorpion (D:5)
  A troll zombie (D:9)
  A yak zombie (D:9)
  10 killer bees
  A yak skeleton (D:7)
  A troll skeleton (D:9)
  An electric eel (Lair:3)
  11 hounds
  3 goliath beetles
  2 crimson imps (D:9)
  3 orc priests
  A black bear skeleton (D:5)
  A centaur skeleton (D:7)
  An elf zombie (D:9)
  2 jellies
  5 iguanas
  6 worker ants
  An orange rat (D:7)
  10 orc wizards
  5 sheep (Lair:1)
  Ijyb (D:4)
  Jessica (D:3)
  An ogre zombie (D:5)
  Terence (D:3)
  2 mummies
  17 green rats
  A gnoll zombie (D:9)
  15 adders
  3 gnolls (D:8)
  6 worms
  An inept feature mimic (D:6)
  A giant mite (D:3)
  An iguana zombie (D:9)
  A giant eyeball (D:7)
  7 giant geckos
  An ooze (D:2)
  44 orcs
  6 giant cockroaches
  12 goblins
  16 hobgoblins
  11 quokkas
  A ball python (D:4)
  16 bats
  A giant gecko zombie (D:5)
  8 giant newts
  A giant spore (D:8)
  A goblin zombie (D:5)
  A hobgoblin skeleton (D:9)
  A hobgoblin zombie (Ossuary)
  6 jackals
  23 kobolds
  An orc skeleton (D:6)
  A quokka skeleton (D:4)
  2 quokka zombies (Ossuary)
  28 rats
  A rat skeleton (D:5)
  A rat zombie (Ossuary)
388 creatures vanquished.

Vanquished Creatures (others)
  2 fungi (Lair:1)
  A plant (Lair:3)
3 creatures vanquished.

Grand Total: 391 creatures vanquished

Notes
Turn   | Place    | Note
--------------------------------------------------------------
     0 | D:1      | MirrMurr, the Felid Wizard, began the quest for the Orb.
     0 | D:1      | Reached XP level 1. HP: 7/7 MP: 5/5
    54 | D:1      | Reached skill level 1 in Conjurations
   541 | D:1      | Reached XP level 2. HP: 11/11 MP: 0/7
   545 | D:1      | Learned a level 2 spell: Blink
  1592 | D:2      | Reached XP level 3. HP: 14/14 MP: 3/9
  1627 | D:2      | Learned a level 3 spell: Mephitic Cloud
  2416 | D:2      | Reached XP level 4. HP: 18/18 MP: 10/12
  2421 | D:2      | Learned a level 3 spell: Conjure Flame
  2647 | D:3      | Noticed Grinder
  2682 | D:3      | Noticed Jessica
  2687 | D:3      | Killed Jessica
  2783 | D:3      | Reached skill level 4 in Conjurations
  3089 | D:3      | Reached XP level 5. HP: 21/21 MP: 7/14
  3263 | D:3      | Noticed Terence
  3299 | D:3      | Killed Terence
  3681 | D:3      | Reached skill level 5 in Conjurations
  3829 | D:3      | Found a shadowy altar of Dithmenos.
  4028 | D:3      | Gained mutation: You are covered in thick fur (AC +2). [growing up]
  4028 | D:3      | Gained mutation: You can jump attack at a medium distance. [growing up]
  4028 | D:3      | Reached XP level 6. HP: 10/24 MP: 8/16
  4247 | D:3      | Noticed Sigmund
  4266 | D:3      | Killed Sigmund
  4332 | D:3      | Reached skill level 6 in Conjurations
  5286 | D:4      | Noticed Ijyb
  5296 | D:4      | Killed Ijyb
  5495 | D:4      | Reached skill level 7 in Conjurations
  5495 | D:4      | Reached XP level 7. HP: 27/27 MP: 5/18
  5849 | D:4      | Found a staircase to the Ecumenical Temple.
  5858 | Temple   | Entered the Ecumenical Temple
  5881 | Temple   | Became a worshipper of Vehumet
  6058 | D:5      | Entered Level 5 of the Dungeon
  6566 | D:5      | Reached skill level 1 in Poison Magic
  6732 | D:5      | Acquired Vehumet's first power
  6732 | D:5      | Offered knowledge of Freeze by Vehumet.
  6732 | D:5      | Reached skill level 1 in Air Magic
  6754 | D:5      | Found a glowing silver altar of Zin.
  6757 | D:5      | Found a deep blue altar of Sif Muna.
  6760 | D:5      | Found an ancient bone altar of Kikubaaqudgha.
  6768 | D:5      | Found a basalt altar of Yredelemnul.
  6875 | D:5      | Reached skill level 1 in Fire Magic
  6915 | D:5      | Shot with an arrow by a centaur
  6916 | D:5      | Reached XP level 6. HP: -6/24 MP: 16/26
  6958 | D:5      | Reached XP level 7. HP: 27/27 MP: 19/19
  7297 | D:6      | Found a shimmering altar of Xom.
  7574 | D:6      | Found a sand-covered staircase.
  7580 | Ossuary  | Entered an ossuary
  7751 | D:6      | Offered knowledge of Flame Tongue by Vehumet.
  7754 | D:6      | Learned a level 1 spell: Flame Tongue
  7946 | D:6      | Found Nidweba's Distillery.
  8031 | D:6      | Noticed Pikel
  8040 | D:6      | Killed Pikel
  8040 | D:6      | Reached skill level 5 in Dodging
  8040 | D:6      | Reached skill level 5 in Spellcasting
  8040 | D:6      | Reached XP level 8. HP: 28/31 MP: 15/23
  8748 | D:7      | Offered knowledge of Inner Flame by Vehumet.
  8818 | D:7      | Learned a level 2 spell: Repel Missiles
  8822 | D:7      | Learned a level 3 spell: Inner Flame
  8870 | D:7      | Reached XP level 9. HP: 34/34 MP: 22/25
  8940 | D:7      | Acquired Vehumet's second power
  9417 | D:7      | Offered knowledge of Static Discharge by Vehumet.
  9825 | D:7      | Found a bloodstained altar of Trog.
  9825 | D:7      | Found an iron altar of Okawaru.
  9902 | D:8      | Reached skill level 1 in Charms
 10197 | D:8      | Found a bloodstained altar of Trog.
 10440 | D:8      | Learned a level 5 spell: Iskenderun's Battlesphere
 10444 | D:8      | Learned a level 3 spell: Dazzling Spray
 10475 | D:8      | Acquired Vehumet's third power
 10581 | D:8      | Offered knowledge of Airstrike by Vehumet.
 10731 | D:8      | Found a burning altar of Makhleb.
 10949 | D:8      | Reached skill level 8 in Spellcasting
 11310 | D:9      | Learned a level 4 spell: Airstrike
 11329 | D:9      | Reached skill level 5 in Stealth
 11411 | D:9      | Found a staircase to the Orcish Mines.
 11518 | D:9      | Found a staircase to the Lair.
 11676 | D:9      | Reached XP level 10. HP: 37/37 MP: 12/29
 12219 | D:7      | Paralysed by a giant eyeball for 4 turns
 12254 | D:6      | Bought a potion of restore abilities for 42 gold pieces
 12374 | D:9      | Offered knowledge of Conjure Ball Lightning by Vehumet.
 12433 | D:9      | Found a glowing golden altar of the Shining One.
 12434 | D:9      | Found a white marble altar of Elyvilon.
 12608 | D:9      | Noticed an unseen horror
 12611 | D:9      | Slain by an unseen horror
 12612 | D:9      | Reached XP level 9. HP: -4/34 MP: 24/37
 12613 | D:9      | Killed an unseen horror
 12613 | D:9      | Reached skill level 9 in Spellcasting
 13269 | Lair:1   | Entered Level 1 of the Lair of Beasts
 13408 | Lair:1   | Noticed a spiny frog
 13432 | Lair:1   | Killed a spiny frog
 13570 | Lair:1   | Reached skill level 10 in Spellcasting
 13570 | Lair:1   | Reached XP level 10. HP: 37/37 MP: 30/30
 13810 | Lair:1   | Reached skill level 5 in Air Magic
 14196 | Lair:1   | Noticed a spiny frog
 14202 | Lair:1   | Killed a spiny frog
 14399 | Lair:1   | Noticed a spiny frog
 14405 | Lair:1   | Killed a spiny frog
 14460 | Lair:1   | Learned a level 6 spell: Conjure Ball Lightning
 15426 | Lair:2   | Reached skill level 1 in Fighting
 15426 | Lair:2   | Reached skill level 11 in Spellcasting
 15594 | Lair:2   | Reached XP level 11. HP: 43/43 MP: 27/32
 15843 | Lair:2   | Offered knowledge of Bolt of Fire by Vehumet.
 16571 | Lair:2   | Noticed a seven-headed hydra
 16594 | Lair:2   | Killed a seven-headed hydra
 17118 | Lair:3   | Reached skill level 12 in Spellcasting
 17355 | Lair:3   | Mangled by a shark
 17356 | Lair:3   | Reached XP level 10. HP: -10/42 MP: 23/41
 17414 | Lair:3   | Found a hole to the Spider Nest.
 17414 | Lair:3   | Noticed an orb spider
 17421 | Lair:3   | Killed an orb spider
 17570 | Lair:3   | Noticed Maud
 17626 | Lair:3   | Mangled by Maud

Action                   |  1- 3 |  4- 6 |  7- 9 | 10-12 || total
-------------------------+-------+-------+-------+-------++-------
Melee: Unarmed           |    13 |       |     2 |     5 ||    20
 Cast: Magic Dart        |   100 |   225 |   636 |   285 ||  1246
       Blink             |     1 |       |     2 |     4 ||     7
       Conjure Flame     |       |     6 |    52 |    26 ||    84
       Mephitic Cloud    |       |     4 |    19 |    13 ||    36
       Flame Tongue      |       |       |    22 |    91 ||   113
       Iskenderun's Batt |       |       |    19 |    36 ||    55
       Airstrike         |       |       |     3 |    12 ||    15
       Inner Flame       |       |       |     2 |       ||     2
       Repel Missiles    |       |       |     1 |     1 ||     2
       Dazzling Spray    |       |       |       |     1 ||     1
Evoke: Wand              |       |     1 |     2 |     3 ||     6
  Use: Potion            |     1 |     1 |       |     6 ||     8
       Scroll            |       |       |    21 |     5 ||    26
